 Dungeon Crawl Stone Soup version 0.30-a0-305-g026cb31 (webtiles) character file.

Game seed: 10654931782300440613

80 Meow the Sneak (level 4, 36/36 HPs)
             Began as a Naga Conjurer on Oct 21, 2022.
             Quit the game on level 2 of the Dungeon.
             The game lasted 00:03:56 (1096 turns).

Meow the Sneak (Naga Conjurer)                      Turns: 1096, Time: 00:03:57

Health: 36/36      AC:  2    Str: 10    XL:     4   Next: 39%
Magic:  2/8        EV:  9    Int: 20    God:
Gold:   37         SH:  0    Dex:  9    Spells: 5/8 levels left

rFire   . . .      SeeInvis +    a - +0 sling
rCold   . . .      Faith    .    (no shield)
rNeg    . . .      Spirit   .    i - +0 robe
rPois   +          Reflect  .    (no helmet)
rElec   .          Harm     .    (no cloak)
rCorr   .          Rampage  .    (no gloves)
Will    .....                    (no barding)
Stlth   +++.......               (no amulet)
HPRegen 0.26/turn                (no ring)
MPRegen 0.11/turn                (no ring)

@: very slow
A: AC +1, large, see invisible, deformed body, poison resistance, slowness 2,
spit poison 1, naga tail 1
a: Spit Poison


You were on level 2 of the Dungeon.
You visited 1 branch of the dungeon, and saw 2 of its levels.

You collected 37 gold pieces.

Inventory:

Hand Weapons
 a - a +0 sling (weapon)
 b - a +0 falchion
 t - a +0 dagger
Missiles
 g - 20 stones
 l - 10 poisoned darts
 q - 4 datura-tipped darts
Armour
 i - a +0 robe (worn)
Jewellery
 o - a ring of fire
Scrolls
 d - a scroll of summoning {unknown}
 e - a scroll of acquirement {unknown}
 h - a scroll of fog {unknown}
 j - a scroll of identify {unknown}
 k - a scroll of enchant weapon {unknown}
 p - a scroll of teleportation {unknown}
 r - a scroll of blinking {unknown}
Potions
 c - a potion of might {unknown}
 f - 2 potions of lignification {unknown}
 m - a potion of mutation {unknown}
 n - 2 potions of magic
 s - a potion of flight {unknown}


   Skills:
 - Level 1.5 Dodging
 * Level 5.4 Stealth
 + Level 2.6 Spellcasting
 + Level 4.4 Conjurations


You had 5 spell levels left.
You knew the following spells:

 Your Spells              Type           Power      Damage    Failure   Level
a - Magic Dart            Conj           80%        1d7       2%          1
b - Searing Ray           Conj           40%        2d5       3%          2

Your spell library contained the following spells:

 Spells                   Type           Power      Damage    Failure   Level
 Dazzling Flash           Conj/Hex       22%        N/A       19%         3
 Fulminant Prism          Conj/Hex       5%         3d7       52%         4
 Iskenderun's Mystic Bla  Conj/Tloc      11%        2d4       52%         4


Dungeon Overview and Level Annotations

Branches:
Dungeon (2/15)

Altars:


Innate Abilities, Weirdness & Mutations

Your serpentine skin is tough. (AC +1)
You have supernaturally acute eyesight. (SInv)
Armour fits poorly on your strangely shaped body.
Your system is resistant to poisons. (rPois)
You cover ground very slowly.
You can spit poison.
You have a snake-like lower body.


Message History

The quokka is almost dead. (Press . to maintain the ray.) Unknown command.
You have got your breath back.
Casting: Searing Ray (safe; 3% risk of failure)
Confirm with . or Enter, or press ? or * to list all spells.
Aiming: Magic Dart (safe; 2% risk of failure)
Press: ? - help, Shift-Dir - straight line, f/p - quokka
Aim: a quokka (almost dead, 100% to hit)
The magic dart hits the quokka.
You kill the quokka!
Unknown command.
You start resting.
Magic restored.
You see here a quokka corpse.
Natasha, Servant of Life and Death comes into view.
Natasha moves out of view.
Aiming: Spit Poison (2% risk of failure)
Press: ? - help, Shift-Dir - straight line, f - Natasha
Aim: Natasha (wandering, hasn't noticed you, 50% to hit)
The splash of poison misses Natasha.
Unknown command.
Casting: Magic Dart (safe; 2% risk of failure)
Confirm with . or Enter, or press ? or * to list all spells.
Aiming: Searing Ray (safe; 3% risk of failure)
Press: ? - help, Shift-Dir - straight line, f/p - Natasha
Aim: Natasha (72% to hit)
The searing ray hits Natasha.
Natasha is moderately wounded. (Press . to maintain the ray.) Unknown command.
The searing ray hits Natasha!
Natasha is almost dead.
The searing ray hits Natasha!
You kill Natasha!
Natasha screams in pain as she dies!
You have got your breath back.
You have reached level 4!
You feel stronger.
Are you sure you want to abandon this character and quit the game? (Confirm with "yes".)

.# ## ##.# ## ..
#.. #.# #. #.##.#
# #. ##.#.# # #.
#.##...# #..##.#
#...<.##
......$####>#...#
#......@....†..#.#
##.###.†###.##.#
.#. #... #.##.#
#.# #.......##.#
#.# ##...#####.#
#.# #..##
#.###.### #..#
##.#....<# #..#
##.#......###
#.###.[..†...


There were no monsters in sight!

Vanquished Creatures
  Natasha (twice) (D:2)
  A dart slug (D:1)
  A ball python (D:2)
  2 endoplasms (D:1)
  3 giant cockroaches
  A goblin (D:2)
  2 hobgoblins (D:1)
  3 jackals (D:1)
  A kobold (D:1)
  2 quokkas
  3 bats
  2 frilled lizards (D:2)
  4 rats
27 creatures vanquished.

Notes
Turn   | Place    | Note
-------+----------+-------------------------------------------
     0 | D:1      | Meow the Naga Conjurer began the quest for the Orb.
     0 | D:1      | Reached XP level 1. HP: 15/15 MP: 3/3
   200 | D:1      | Reached XP level 2. HP: 22/22 MP: 3/5
   203 | D:1      | Learned a level 2 spell: Searing Ray
   546 | D:1      | Reached skill level 4 in Stealth
   859 | D:2      | Reached XP level 3. HP: 28/28 MP: 4/6
  1045 | D:2      | Noticed Natasha
  1050 | D:2      | Killed Natasha
  1051 | D:2      | Reached skill level 5 in Stealth
  1090 | D:2      | Noticed Natasha
  1095 | D:2      | Killed Natasha
  1096 | D:2      | Reached XP level 4. HP: 36/36 MP: 2/8
  1096 | D:2      | Quit the game

Illustrated notes

Levels and vault maps discovered:
D:1:      dpeg_arrival_rooms_with_view, layout_loops_ring
D:2:      layout_loops_ring, uniq_natasha

Skill      XL: |  1  2  3 |
---------------+----------+-----
Stealth        | 4 5 |  5.4
Dodging        | |  1.5
Spellcasting   | |  2.6
Conjurations   | |  4.4

Action                   |  1- 3 |  4- 6 || total
-------------------------+-------+-------++-------
Melee: Dagger            |     2 |       ||     2
 Fire: Sling             |     4 |       ||     4
 Cast: Magic Dart        |    25 |       ||    25
       Searing Ray       |     4 |       ||     4
 Abil: Spit Poison       |    18 |       ||    18
Armor: Robe              |     1 |       ||     1
Dodge: Dodged            |     2 |       ||     2

Table legend: (Time is in decaauts)
 A = Elapsed time spent in this place.
 B = Non-inter-level travel time spent in this place.
 C = Inter-level travel time spent in this place.
 D = Time resting spent in this place.
 E = Time spent auto-exploring this place.
 F = Levels seen in this place.
 G = Mean time per level.
                   A        B        C        D        E       F      G
               +--------+--------+--------+--------+--------+-----+--------+
         Total |   1367 |   1317 |     50 |    323 |    707 |   2 |  683.5 |
       Dungeon |   1367 |   1317 |     50 |    323 |    707 |   2 |  683.5 |
               +--------+--------+--------+--------+--------+-----+--------+

Top non-repeatable levels by time:
     D:1: 986 daAuts
     D:2: 380 daAuts
